 Dungeon Crawl Stone Soup version 0.28.0-53-g5a82cb258f (webtiles) character file.

Game seed: 14676372063621317352

949 Renzlar the Shield-Bearer (level 8, -1/67 HPs)
             Began as a Gnoll Fighter on Aug 17, 2022.
             Slain by a water moccasin (3 damage)
             ... on level 5 of the Dungeon.
             The game lasted 00:11:37 (4334 turns).

Renzlar the Shield-Bearer (Gnoll Fighter)           Turns: 4334, Time: 00:11:38

Health: -1/67      AC: 10    Str: 17    XL:     8   Next: 13%
Magic:  12/12      EV: 10    Int:  7    God:
Gold:   210        SH:  6    Dex: 13    Spells: 13/13 levels left

rFire   . . .      SeeInvis .   d - +7 trident of Trauma {freeze, rCorr}
rCold   . . .      Faith    .   k - +0 buckler
rNeg    . . .      Spirit   .   b - +1 scale mail
rPois   .          Reflect  .   (no helmet)
rElec   .          Harm     .   (no cloak)
rCorr   +          Rampage  .   m - +0 pair of gloves
Will    .....                   (no boots)
Stlth   +.........              (no amulet)
HPRegen 0.21/turn               (no ring)
MPRegen 0.13/turn               (no ring)

@: lethally poisoned (-1 -> -10)
A: fangs 1, strong nose, distributed training
a: no special abilities


You were on level 5 of the Dungeon.
You visited 2 branches of the dungeon, and saw 6 of its levels.

You collected 210 gold pieces.

Inventory:

Hand Weapons
 a - a +1 war axe of protection
 c - a +0 hunting sling
 d - the +7 trident of Trauma (weapon) {freeze, rCorr}
   (You found it on level 3 of the Dungeon)

   It freezes those it strikes, dealing additional cold damage.
   It can also slow down cold-blooded creatures.
   rCorr:     It protects you from acid and corrosion.
Missiles
 e - 61 bolts
 f - 3 javelins
 g - 200 stones (quivered)
 i - 8 sling bullets
Armour
 b - a +1 scale mail (worn)
 k - a +0 buckler (worn)
 m - a +0 pair of gloves (worn)
Jewellery
 p - a ring of ice
Scrolls
 j - 3 scrolls of identify
 o - a scroll of fog
 q - 2 scrolls of teleportation
 r - a scroll of immolation
 t - a scroll of magic mapping {unknown}
Potions
 h - a potion of resistance
 l - a potion of brilliance
 n - a potion of might


   Skills:
 + Level 7.2 Fighting
 + Level 3.0 Short Blades
 + Level 3.0 Long Blades
 + Level 5.5 Axes
 + Level 3.0 Maces & Flails
 + Level 3.0 Polearms
 + Level 3.0 Staves
 + Level 3.0 Slings
 + Level 3.0 Bows
 + Level 3.0 Crossbows
 + Level 3.0 Throwing
 + Level 7.2 Armour
 + Level 3.0 Dodging
 + Level 3.0 Stealth
 + Level 7.2 Shields
 + Level 3.0 Unarmed Combat
 + Level 3.0 Spellcasting
 + Level 2.4 Conjurations
 + Level 2.4 Hexes
 + Level 2.4 Summonings
 + Level 2.4 Necromancy
 + Level 2.4 Translocations
 + Level 2.4 Transmutations
 + Level 2.4 Fire Magic
 + Level 2.4 Ice Magic
 + Level 2.4 Air Magic
 + Level 2.4 Earth Magic
 + Level 2.4 Poison Magic
 + Level 3.3 Invocations
 + Level 3.0 Evocations


You had 13 spell levels left.
You didn't know any spells.
Your spell library contained the following spells:

 Spells                   Type           Power      Damage    Failure   Level
 Apportation              Tloc           8%         N/A       43%         1
 Alistair's Intoxication  Tmut/Pois      2%         N/A       100%        5


Dungeon Overview and Level Annotations

Branches:
Dungeon (5/15)             Temple (1/1) D:4

Altars:
Ashenzari
Cheibriados
Elyvilon
Fedhas
Gozag
Hepliaklqana
Kikubaaqudgha
Makhleb
Nemelex Xobeh
Qazlal
Ru
Sif Muna
Trog
Uskayaw
Vehumet
Wu Jian
Xom
Yredelemnul
Zin
The Shining One


Innate Abilities, Weirdness & Mutations

You have very sharp teeth.
Your uncanny sense of smell can sniff out nearby items.
Your experience applies equally to all skills.


Message History

You feel very sick.
The water moccasin bites you but does no damage.
The adder bites you but does no damage. You block the water moccasin's attack.
Unknown command.
Unknown command.
You completely miss the water moccasin.
The water moccasin is moderately wounded.
You feel very sick. You block the adder's attack.
The water moccasin closely misses you. You block the adder's attack.
The water moccasin bites you but does no damage.
You closely miss the water moccasin.
You bite the water moccasin, but do no damage.
The water moccasin is lightly wounded.
You feel very sick. The adder closely misses you.
The water moccasin closely misses you. You block the adder's attack.
You barely miss the water moccasin.
The water moccasin is lightly wounded.
You feel very sick. The water moccasin closely misses you.
The adder bites you but does no damage. The water moccasin bites you!
* * * LOW HITPOINT WARNING * * *
You are lethally poisoned!
The water moccasin poisons you!
You hit the water moccasin but do no damage.
The water moccasin is lightly wounded.
* * * LOW HITPOINT WARNING * * *
You feel very sick.
The water moccasin bites you but does no damage.
The adder barely misses you. The adder bites you but does no damage.
The water moccasin bites you.
* * * LOW HITPOINT WARNING * * *
You barely miss the water moccasin.
You bite the water moccasin, but do no damage.
The water moccasin is lightly wounded.
* * * LOW HITPOINT WARNING * * *
You feel very sick. The water moccasin bites you.
You die...

#.≈≈##..# #≈)..
#.≈≈#..# # #...>
##..'..###### ≈...
##.≈≈#........ ∆ ≈(.
##.≈≈##>######. ≈ ≈.
##.≈≈##..# # #≈≈
#o##.≈≈###..# #
#≈≈.#S#.≈≈## #..# ##
#≈≈.S@≈≈#####..# #.
##≈≈.≈≈####....# #.
##≈≈≈##.......#####..
#####..#####.......#
#### #........
##.#####.. #..## #...
##...###...
#..........


You could see a water moccasin, an adder and an orc.

Vanquished Creatures
  Sigmund (D:3)
  Duvessa (D:4)
  An ice beast (D:5)
  A necrophage (D:5)
  A scorpion (D:5)
  A water moccasin zombie (D:5)
  Dowan (D:4)
  A jelly (D:4)
  A hound (D:5)
  A bullfrog skeleton (D:5)
  Jessica (D:3)
  2 iguanas (D:4)
  An orc wizard (D:4)
  6 adders
  3 gnolls (D:2)
  A white imp (D:3)
  An ufetubus (D:5)
  A worm (D:3)
  A dart slug (D:3)
  5 orcs
  A bat (D:3)
  4 endoplasms
  3 giant cockroaches
  11 goblins
  7 hobgoblins
  4 jackals (D:1)
  A quokka (D:3)
  4 ball pythons
  2 frilled lizards
  4 kobolds
  4 rats
77 creatures vanquished.

Notes
Turn   | Place    | Note
-------+----------+-------------------------------------------
     0 | D:1      | Renzlar the Gnoll Fighter began the quest for the Orb.
     0 | D:1      | Reached XP level 1. HP: 23/23 MP: 1/1
   130 | D:1      | Reached XP level 2. HP: 18/29 MP: 2/2
   680 | D:1      | Reached XP level 3. HP: 35/35 MP: 3/3
   867 | D:2      | Reached skill level 1 in Invocations
   868 | D:2      | Reached skill level 1 in Short Blades
   868 | D:2      | Reached skill level 1 in Long Blades
   868 | D:2      | Reached skill level 1 in Maces & Flails
   868 | D:2      | Reached skill level 1 in Polearms
   868 | D:2      | Reached skill level 1 in Staves
   868 | D:2      | Reached skill level 1 in Slings
   868 | D:2      | Reached skill level 1 in Bows
   868 | D:2      | Reached skill level 1 in Crossbows
   868 | D:2      | Reached skill level 1 in Throwing
   868 | D:2      | Reached skill level 1 in Dodging
   868 | D:2      | Reached skill level 1 in Stealth
   868 | D:2      | Reached skill level 1 in Unarmed Combat
   868 | D:2      | Reached skill level 1 in Spellcasting
   868 | D:2      | Reached skill level 1 in Evocations
   871 | D:2      | Reached XP level 4. HP: 35/41 MP: 5/5
  1662 | D:3      | Reached skill level 1 in Conjurations
  1662 | D:3      | Reached skill level 1 in Hexes
  1662 | D:3      | Reached skill level 1 in Summonings
  1662 | D:3      | Reached skill level 1 in Necromancy
  1662 | D:3      | Reached skill level 1 in Translocations
  1662 | D:3      | Reached skill level 1 in Transmutations
  1662 | D:3      | Reached skill level 1 in Fire Magic
  1662 | D:3      | Reached skill level 1 in Ice Magic
  1662 | D:3      | Reached skill level 1 in Air Magic
  1662 | D:3      | Reached skill level 1 in Earth Magic
  1662 | D:3      | Reached skill level 1 in Poison Magic
  1662 | D:3      | Noticed Jessica
  1667 | D:3      | Killed Jessica
  1668 | D:3      | Reached XP level 5. HP: 44/47 MP: 5/7
  1868 | D:3      | Noticed Sigmund
  1878 | D:3      | Killed Sigmund
  1879 | D:3      | Reached XP level 6. HP: 53/53 MP: 8/8
  1942 | D:3      | Reached skill level 5 in Axes
  1977 | D:3      | Identified the +7 trident of Trauma {freeze, rCorr}
  2585 | D:4      | Found a staircase to the Ecumenical Temple.
  2591 | Temple   | Entered the Ecumenical Temple
  3014 | D:4      | Found the +0 staff of Battle
  3129 | D:4      | Noticed Duvessa
  3131 | D:4      | Noticed Dowan
  3140 | D:4      | Killed Duvessa
  3141 | D:4      | Reached XP level 7. HP: 44/60 MP: 10/10
  3142 | D:4      | Killed Dowan
  3574 | D:5      | Entered Level 5 of the Dungeon
  4175 | D:5      | Reached XP level 8. HP: 67/67 MP: 12/12
  4334 | D:5      | HP: 2/67 [poisoned by a water moccasin]
  4334 | D:5      | Slain by a water moccasin

Illustrated notes

Levels and vault maps discovered:
D:1:      saegor_arrival_under_anarchy, layout_loops_ring,
          hangedman_decor_growths
D:2:      layout_loops_ring
D:3:      layout_loops_ring, chequers_serial_rivers_room_b, uniq_sigmund,
          uniq_jessica
D:4:      layout_loops_corners, minmay_temple_entry_overgrown, uniq_duvessa
D:5:      layout_layer_cave, serial_shops, kennysheep_mini, kennysheep_diamond,
          uniq_edmund
Temple:   mainiacjoe_temple_cubbyholes

Skill      XL: |  1  2  3  4  5  6  7  8 |
---------------+-------------------------+-----
Invocations    | 1 2 3 |  3.3
Short Blades   | 1 2 3 |  3.0
Long Blades    | 1 2 3 |  3.0
Maces & Flails | 1 2 3 |  3.0
Polearms       | 1 2 3 |  3.0
Staves         | 1 2 3 |  3.0
Slings         | 1 2 3 |  3.0
Bows           | 1 2 3 |  3.0
Crossbows      | 1 2 3 |  3.0
Throwing       | 1 2 3 |  3.0
Dodging        | 1 2 3 |  3.0
Stealth        | 1 2 3 |  3.0
Unarmed Combat | 1 2 3 |  3.0
Spellcasting   | 1 2 3 |  3.0
Evocations     | 1 2 3 |  3.0
Conjurations   | 1 2 |  2.4
Hexes          | 1 2 |  2.4
Summonings     | 1 2 |  2.4
Necromancy     | 1 2 |  2.4
Translocations | 1 2 |  2.4
Transmutations | 1 2 |  2.4
Fire Magic     | 1 2 |  2.4
Ice Magic      | 1 2 |  2.4
Air Magic      | 1 2 |  2.4
Earth Magic    | 1 2 |  2.4
Poison Magic   | 1 2 |  2.4
Axes           | 5 |  5.5
Fighting       | 7 |  7.2
Armour         | 7 |  7.2
Shields        | 7 |  7.2

Action                   |  1- 3 |  4- 6 |  7- 9 || total
-------------------------+-------+-------+-------++-------
Melee: War axe           |    59 |    50 |    10 ||   119
       Bite              |     2 |    10 |     8 ||    20
       Trident           |       |    21 |    34 ||    55
 Fire: Hunting sling     |       |    54 |    22 ||    76
Throw: Javelin           |       |     3 |       ||     3
  Use: Scroll            |     3 |     6 |     2 ||    11
       Potion            |       |       |     1 ||     1
Armor: Scale mail        |    26 |    32 |    21 ||    79
Dodge: Dodged            |    24 |    35 |    19 ||    78
Block: Buckler           |    10 |    17 |    11 ||    38
